 Dungeon Crawl Stone Soup version 0.20.0-1-g1cb1d84 (webtiles) character file.

4683 Inarius the Stinger (level 10, -2/74 HPs)
             Began as a Red Draconian Venom Mage on May 26, 2017.
             Was a Follower of Vehumet.
             Hit by a large rock thrown by a cyclops (44 damage)
             ... on level 8 of the Dungeon.
             The game lasted 00:44:17 (10598 turns).

Inarius the Stinger (Red Draconian Venom Mage)     Turns: 10598, Time: 00:44:18

Health: -2/74      AC: 13    Str: 10    XL:     10   Next: 21%
Magic:  10/21      EV: 13    Int: 19    God:    Vehumet [*.....]
Gold:   481        SH:  0    Dex: 10    Spells: 8/24 levels left

rFire    + + +     SeeInvis .   x - staff of poison
rCold    x x .     Gourm    +   (no shield)
rNeg     . . .     Faith    .   (armour unavailable)
rPois    +         Spirit   .   i - +1 hat
rElec    .         Reflect  .   (no cloak)
rCorr    .         Harm     .   D - +1 pair of gloves
MR       .....                  J - +2 pair of boots of the Assassin {Detection Stab+ Stlth++}
Stlth    ++++......             h - amulet of the gourmand
Regen    0.3/turn               m - ring of fire
MPRegen  0.2/turn               y - ring of fire

@: no status effects
A: breathe fire, unfitting armour, stinger 1, clumsy 1, deterioration 1, fire
resistance 1, cold-blooded, MP-powered wands, AC +7
a: Breathe Fire, Renounce Religion


You were on level 8 of the Dungeon.
You worshipped Vehumet.
Vehumet was aware of your devotion.
You were completely stuffed.

You visited 2 branches of the dungeon, and saw 9 of its levels.

You collected 481 gold pieces.

Inventory:

Hand Weapons
 o - the +8 quarterstaff "Feufaug" {drain, -Tele rPois Dex+6 SInv}
   (You found it on level 6 of the Dungeon)

   A truly terrible weapon, it drains the life of those it strikes.
   It affects your dexterity (+6).
   It protects you from poison.
   It lets you see invisible.
   It prevents most forms of teleportation.
 H - a +4 dagger of chaos
Armour
 i - a +1 hat (worn)
 D - a +1 pair of gloves (worn)
 J - the +2 pair of boots of the Assassin (worn) {Detection Stab+ Stlth++}
   (You found it on level 8 of the Dungeon)

   It makes you much more stealthy.
Magical Staves
 x - an uncursed staff of poison (weapon)
Jewellery
 h - an amulet of the gourmand (around neck)
 m - a ring of fire (left hand)
 v - an uncursed amulet of guardian spirit
 y - a ring of fire (right hand)
 C - an uncursed ring of resist corrosion
 I - an uncursed ring of flight
Wands
 t - a wand of confusion (13/48)
 F - a wand of polymorph (20/24)
 M - a wand of acid (2/15)
Scrolls
 c - 2 scrolls of remove curse
 g - 2 scrolls of enchant weapon
 l - 4 scrolls of teleportation
 s - 4 scrolls of random uselessness {unknown}
 w - a scroll of torment {unknown}
 B - a scroll of noise {unknown}
 K - a scroll of recharging {unknown}
Potions
 d - 3 potions of magic
 e - 3 potions of agility
 j - 2 potions of heal wounds
 k - a potion of might
 z - 3 potions of lignification
 A - a potion of cancellation
 E - a potion of berserk rage
Books
 a - a Young Poisoner's Handbook

   Spells                             Type                      Level
   a - Sting                          Conjuration/Poison           1
   b - Poisonous Vapours              Poison/Air                   2
   c - Mephitic Cloud                 Conjuration/Poison/Air       3
   d - Olgreb's Toxic Radiance        Poison                       4
   e - Venom Bolt                     Conjuration/Poison           5
 f - a book of Callings

   Spells                             Type                      Level
   a - Summon Small Mammal            Summoning                    1
   b - Call Imp                       Summoning                    2
   c - Call Canine Familiar           Summoning                    3
   d - Summon Guardian Golem          Hexes/Summoning              3
   e - Summon Lightning Spire         Summoning/Air                4
   f - Summon Ice Beast               Ice/Summoning                4
 n - a book of Necromancy

   Spells                             Type                      Level
   a - Pain                           Necromancy                   1
   b - Animate Skeleton               Necromancy                   1
   c - Vampiric Draining              Necromancy                   3
   d - Regeneration                   Charms/Necromancy            3
   e - Animate Dead                   Necromancy                   4
   f - Control Undead                 Necromancy                   4
 q - a book of Maledictions

   Spells                             Type                      Level
   a - Corona                         Hexes                        1
   b - Ensorcelled Hibernation        Hexes/Ice                    2
   c - Confuse                        Hexes                        3
   d - Tukima's Dance                 Hexes                        3
   e - Dazzling Spray                 Conjuration/Hexes            3
Comestibles
 b - 5 bread rations
 p - 2 fruits
 r - 3 meat rations
 u - 3 royal jellies
 G - 3 chunks of flesh


   Skills:
 + Level 2.4 Fighting
 - Level 0.8 Short Blades
 + Level 3.4 Staves
 + Level 3.5 Dodging
 - Level 1.8 Stealth
 - Level 0.2 Unarmed Combat
 + Level 7.6 Spellcasting
 + Level 3.8 Conjurations
 + Level 3.6 Summonings
 + Level 6.7 Air Magic
 + Level 7.6 Poison Magic
 * Level 0.8 Evocations


You had 8 spell levels left.
You knew the following spells:

 Your Spells              Type           Power        Failure   Level  Hunger
a - Sting                 Conj/Pois      ####         1%          1    None
b - Poisonous Vapours     Pois/Air       ######       1%          2    None
c - Olgreb's Toxic Radia  Pois           ######..     4%          4    ###....
d - Summon Lightning Spi  Summ/Air       ####....     11%         4    ###....
e - Venom Bolt            Conj/Pois      #####.....   24%         5    #####..


Dungeon Overview and Level Annotations

Branches:
Dungeon (8/15)             Temple (1/1) D:6
   Lair: D:8-11

Altars:
Ashenzari
Cheibriados
Dithmenos
Elyvilon
Fedhas
Gozag
Hepliaklqana
Kikubaaqudgha
Makhleb
Nemelex Xobeh
Okawaru
Qazlal
Ru
Sif Muna
Trog
Uskayaw
Vehumet
Xom
Yredelemnul
Zin
The Shining One

Shops:
D:6 =   D:7 *


Innate Abilities, Weirdness & Mutations

You can breathe blasts of fire.
Your fiery red scales are hard. (AC +7)
You cannot fit into any form of body armour.
Your flesh is heat resistant. (rF+)
You are cold-blooded and may be slowed by cold attacks.
Your tail ends in a poisonous barb.
You are clumsy. (Dex -2)
Your body sometimes deteriorates upon taking damage.
You expend magic power (3 MP) to strengthen your wands.


Message History

The cyclops is engulfed in poison gas.
The cyclops is poisoned.
The cyclops throws a large rock.
The large rock hits you!
Casting: Poisonous Vapours
Confirm with . or Enter, or press ? or * to list all spells.
Aiming: Poisonous Vapours
Press: ? - help, Dir - move target cursor, f/p - cyclops
Aim: a cyclops (lightly wounded, poisoned)
You feel a surge of power!
Poisonous vapours surround the cyclops!
The cyclops is engulfed in poison gas.
The cyclops looks even sicker.
The cyclops throws a large rock.
The large rock hits you!
Casting: Poisonous Vapours
Confirm with . or Enter, or press ? or * to list all spells.
Aiming: Poisonous Vapours
Press: ? - help, Dir - move target cursor, f/p - cyclops
Aim: a cyclops (heavily wounded, poisoned)
You feel a surge of power!
Poisonous vapours surround the cyclops!
The orc priest closely misses you.
The cyclops looks even sicker.
The cyclops throws a large rock.
The large rock hits you!!!
Ouch! That really hurt!
You die...

##.......# ####........## .. ...
.........(.... .## ....
.....)....>.###.. .....
............##..###.#...
.......###.....##............>##.
...........###......).....$......
........##..#....o...............
................@).....C........
............#....####..........#
...........##................#.#
..<........####.#####......†##.#
.......#..## .... .....)..#...#
.......#...# .##.............#
.........(.# # #............####
........##. .# #.......###.....
......)## ..# ..#### #.....


You could see a cyclops and an orc priest.

Vanquished Creatures
  A two-headed ogre (D:8)
  Pikel (D:6)
  Psyche (D:8)
  Grinder (D:5)
  A wyvern (D:8)
  A hungry ghost (D:7)
  Duvessa (D:5)
  An orc warrior (D:7)
  A slave (D:6)
  2 sky beasts
  An ice beast (D:8)
  5 ogres
  2 bullfrogs
  Dowan (D:5)
  3 scorpions
  6 killer bees (D:7)
  2 wights (D:7)
  2 centaur zombies
  A howler monkey (D:7)
  2 bullfrog zombies
  4 hounds
  A centaur skeleton (D:5)
  3 orc priests
  A bullfrog skeleton (D:4)
  6 orc wizards
  Ijyb (D:5)
  2 worker ants (D:8)
  A statue (D:7)
  A hound skeleton (D:4)
  A howler monkey skeleton (D:6)
  7 gnolls
  10 adders
  An ooze (D:1)
  An adder skeleton (D:6)
  3 worms
  A dart slug (D:3)
  4 leopard geckos
  32 orcs
  2 giant cockroaches
  6 goblins
  8 hobgoblins
  11 jackals
  5 quokkas
  A ball python (D:4)
  A ball python zombie (D:5)
  9 bats
  11 frilled lizards
  7 kobolds
  A quokka zombie (D:2)
  4 rats
182 creatures vanquished.

Vanquished Creatures (collateral kills)
  A slave (D:6)
  A necrophage (D:7)
  A wyvern zombie (D:7)
  3 wights (D:7)
  3 crimson imps
  A centaur zombie (D:8)
  A leopard gecko skeleton (D:7)
11 creatures vanquished.

Grand Total: 193 creatures vanquished

Notes
Turn   | Place    | Note
-------+----------+-------------------------------------------
     0 | D:1      | Inarius the Draconian Venom Mage began the quest for the Orb.
     0 | D:1      | Reached XP level 1. HP: 14/14 MP: 3/3
    78 | D:1      | Reached XP level 2. HP: 1/20 MP: 3/5
   385 | D:1      | Learned a level 2 spell: Poisonous Vapours
  1294 | D:1      | Reached XP level 3. HP: 21/26 MP: 1/6
  1562 | D:1      | Reached skill level 1 in Air Magic
  2340 | D:2      | Found an opulent altar of Gozag.
  2560 | D:2      | Reached XP level 4. HP: 33/33 MP: 0/7
  2567 | D:2      | Learned a level 4 spell: Olgreb's Toxic Radiance
  3735 | D:3      | Reached XP level 5. HP: 38/38 MP: 4/9
  4783 | D:4      | Noticed an ogre
  4915 | D:4      | Killed an ogre
  4915 | D:4      | Reached XP level 6. HP: 45/45 MP: 2/11
  5274 | D:4      | Learned a level 4 spell: Summon Lightning Spire
  5301 | D:5      | Entered Level 5 of the Dungeon
  5308 | D:5      | Noticed Ijyb
  5318 | D:5      | Killed Ijyb
  5420 | D:5      | Noticed Duvessa
  5423 | D:5      | Noticed Dowan
  5436 | D:5      | Killed Duvessa
  5436 | D:5      | Reached skill level 1 in Summonings
  5436 | D:5      | Your scales start taking on a fiery red colour.
  5436 | D:5      | Reached XP level 7. HP: 50/50 MP: 1/13
  5436 | D:5      | Gained mutation: Your flesh is heat resistant. (rF+) [Red Draconian growth]
  5438 | D:5      | Killed Dowan
  5867 | D:5      | Noticed Grinder
  5879 | D:5      | Killed Grinder
  5879 | D:5      | Reached skill level 5 in Poison Magic
  6097 | D:5      | Found a glowing silver altar of Zin.
  7190 | D:6      | Reached skill level 1 in Fighting
  7190 | D:6      | Reached XP level 8. HP: 59/59 MP: 8/15
  7205 | D:6      | Reached skill level 5 in Spellcasting
  7351 | D:6      | Gained mutation: You are robust. (+10% HP) [mutagenic meat]
  7353 | D:6      | Lost mutation: You are robust. (+10% HP) [mutagenic meat]
  7354 | D:6      | Gained mutation: Your tail ends in a poisonous barb. [mutagenic meat]
  7355 | D:6      | Gained mutation: You expend magic power (3 MP) to strengthen your wands. [mutagenic meat]
  7356 | D:6      | Gained mutation: Your body sometimes deteriorates upon taking damage. [mutagenic meat]
  7357 | D:6      | Gained mutation: You are clumsy. (Dex -2) [mutagenic meat]
  7459 | D:6      | Found a staircase to the Ecumenical Temple.
  7471 | Temple   | Entered the Ecumenical Temple
  7592 | D:6      | Got a transparent quarterstaff
  7593 | D:6      | Identified the +8 quarterstaff "Feufaug" {drain, -Tele rPois Dex+6 SInv} (You found it on level 6 of the Dungeon)
  7648 | D:5      | Reached skill level 1 in Staves
  7842 | D:6      | Noticed Pikel
  7853 | D:6      | Killed Pikel
  7853 | D:6      | Reached skill level 5 in Air Magic
  8179 | D:6      | Found Goigiych's Jewellery Emporium.
  8198 | D:6      | Learned a level 5 spell: Venom Bolt
  8375 | D:7      | Reached XP level 9. HP: 64/67 MP: 9/18
  8507 | D:7      | Found Qaerant's Assorted Antiques.
  8713 | D:7      | Found a shimmering altar of Xom.
  9355 | D:7      | Found a radiant altar of Vehumet.
  9385 | D:7      | Became a worshipper of Vehumet
  9681 | D:8      | Noticed Psyche
  9690 | D:8      | Killed Psyche
  9777 | D:8      | Noticed a two-headed ogre
  9799 | D:8      | Killed a two-headed ogre
 10032 | D:7      | Reached XP level 10. HP: 57/74 MP: 16/20
 10300 | D:8      | Found a basalt altar of Yredelemnul.
 10303 | D:8      | Found a sacrificial altar of Ru.
 10375 | D:8      | Reached * piety under Vehumet
 10375 | D:8      | Offered knowledge of Magic Dart by Vehumet.
 10595 | D:8      | Noticed a cyclops
 10598 | D:8      | Hit by a large rock thrown by a cyclops

Skill      XL: |  1  2  3  4  5  6  7  8  9 |
---------------+----------------------------+-----
Dodging        | 2 3 |  3.5
Air Magic      | 1 3 4 5 6 |  6.7
Spellcasting   | 3 4 6 7 |  7.6
Poison Magic   | 4 5 6 7 |  7.6
Summonings     | 1 2 3 |  3.6
Fighting       | 1 2 |  2.4
Staves         | 2 3 |  3.4
Conjurations   | 3 |  3.8
Short Blades   | |  0.8
Stealth        | |  1.8
Unarmed Combat | |  0.2
Evocations     | |  0.8

Action                   |  1- 3 |  4- 6 |  7- 9 | 10-12 || total
-------------------------+-------+-------+-------+-------++-------
Melee: Spear             |    36 |       |       |       ||    36
       Unarmed           |     4 |       |       |       ||     4
       Tailslap          |     9 |    10 |    17 |     4 ||    40
       Short sword       |    74 |    38 |    37 |       ||   149
       Dagger            |       |    24 |       |    15 ||    39
       Mace              |       |    20 |     2 |       ||    22
       Staff             |       |       |   117 |    45 ||   162
       Quarterstaff      |       |       |     9 |       ||     9
 Cast: Sting             |     6 |       |       |       ||     6
       Poisonous Vapours |    36 |    60 |    87 |    17 ||   200
       Olgreb's Toxic Ra |       |     1 |     9 |     4 ||    14
       Summon Lightning  |       |       |    12 |     2 ||    14
       Venom Bolt        |       |       |     2 |       ||     2
 Abil: Breathe Fire      |       |       |     5 |     2 ||     7
  Use: Scroll            |       |     7 |     2 |     1 ||    10
       Potion            |       |     1 |     4 |     2 ||     7
 Stab: Distracted        |       |       |     1 |       ||     1
  Eat: Chunk             |     8 |    11 |    21 |    12 ||    52
       Royal jelly       |       |     1 |       |       ||     1
       Meat ration       |       |       |     2 |     1 ||     3
       Fruit             |       |       |     2 |       ||     2
Armor: Skin              |    48 |    25 |    73 |    34 ||   180
Dodge: Dodged            |    69 |    52 |   150 |    41 ||   312
